 Dungeon Crawl Stone Soup version 0.30-a0-4-ga7cffc901d (webtiles) character file.

Game seed: 1234086424321978542

146 Setbun the Cutter (level 5, -2/30 HPs)
             Began as a Kobold Brigand on Aug 20, 2022.
             Splashed by a jelly's acid (8 damage)
             ... on level 3 of the Dungeon.
             The game lasted 00:03:15 (4162 turns).

Setbun the Cutter (Kobold Brigand)                  Turns: 4162, Time: 00:03:16

Health: -2/30      AC: -1    Str:  8    XL:     5   Next: 53%
Magic:  5/5        EV: 14    Int: 13    God:
Gold:   107        SH:  0    Dex: 18    Spells: 4/4 levels left

rFire   . . .      SeeInvis .    a - +2 dagger
rCold   . . .      Faith    .    (no shield)
rNeg    . . .      Spirit   .    b - +0 robe
rPois   .          Reflect  .    (no helmet)
rElec   .          Harm     .    c - +0 cloak
rCorr   .          Rampage  .    (no gloves)
Will    .....                    (no boots)
Stlth   ++++......               (no amulet)
HPRegen 0.10/turn                (no ring)
MPRegen 0.09/turn                (no ring)

@: corroded
A: small, no large weapons, nightstalker 3
a: no special abilities


You were on level 3 of the Dungeon.
You visited 1 branch of the dungeon, and saw 3 of its levels.

You collected 107 gold pieces.

Inventory:

Hand Weapons
 a - a +2 dagger (weapon)
Missiles
 d - 15 poisoned darts (quivered)
 e - 12 curare-tipped darts
Armour
 b - a +0 robe (worn)
 c - a +0 cloak (worn)
Wands
 r - a wand of paralysis (7)
Scrolls
 f - 6 scrolls of identify {unknown}
 g - 4 scrolls of teleportation {unknown}
 h - a scroll of noise {unknown}
 k - 2 scrolls of poison {unknown}
 o - 5 scrolls of enchant weapon {unknown}
 q - a scroll of fear {unknown}
Potions
 i - a potion of mutation {unknown}
 j - 2 potions of brilliance {unknown}
 l - 2 potions of curing {unknown}
 m - 2 potions of heal wounds {unknown}
 n - a potion of ambrosia {unknown}
 p - a potion of lignification {unknown}


   Skills:
 - Level 2.1 Fighting
 + Level 7.0 Short Blades
 - Level 2.1 Throwing
 - Level 1.2 Dodging
 - Level 5.3 Stealth


You had 4 spell levels left.
You didn't know any spells.
Your spell library contained the following spells:

 Spells                   Type           Power      Damage    Failure   Level
 Scorch                   Fire           0%         2d5       43%         2
 Flame Wave               Conj/Fire      0%         2d4       97%         4
 Summon Cactus Giant      Summ           0%         N/A       100%        6


Dungeon Overview and Level Annotations

Branches:
Dungeon (3/15)

Altars:
Makhleb


Innate Abilities, Weirdness & Mutations

You are small and have problems with some larger weapons.
You are completely attuned to the shadows.


Message History

You kill the hobgoblin!
No target in view!
No target in view!
No target in view!
No target in view!
No target in view!
No target in view!
Found a stone staircase leading down.
There is a stone staircase leading down here.
There is a stone staircase leading up, spattered with blood here.
There is an open gate here.
You see here a staff of conjuration.
A jelly is nearby!
There is an open door here.
The jelly quivers.
You hit the jelly.
Your hands burn!
The jelly is moderately wounded.
The jelly misses you.
You hit the jelly. The acid corrodes you!
Your hands burn!
The jelly is heavily wounded.
You hit the jelly.
Your hands burn!
The jelly is severely wounded.
The jelly barely misses you.
You hit the jelly.
Your hands burn!
The jelly is almost dead.
The jelly hits you.
You are splashed with acid.
You are too injured to fight recklessly!
You are too injured to fight recklessly!
A jelly is nearby!
A jelly is nearby!
You are too injured to fight recklessly!
You hit the jelly.
Your hands burn!
* * * LOW HITPOINT WARNING * * *
The jelly is almost dead.
You completely miss the jelly.
The jelly is almost dead.
The jelly hits you.
* * * LOW HITPOINT WARNING * * *
You are splashed with acid!
You die... #.# ##..# #.####### #.# ##.# ..P...##........ #.# #.# .J..J.###.###### #.# #.# JJJJ.J#

#.# # #.# ###.#
J.J..รท# #># # ##.#
###...# #######'# #.# #
#..# #.....###..JJ.)##
#.# # ##.##
#.#.#.##.######## #.# #
#...###.#...###J@'...(#
#.# # .....##.###.#
####|...####.# #
.(....#.....#
#.......##...# ##
.....)......#
#.......###### #.
......##...## #..(....#
#.
.....####.#.###.......#
#.
....####...#.###.....##
#. ....<........#
##...############.
#.#.####...#.#
##'''###..........


You could see a jelly.

Vanquished Creatures
  A jelly (D:3)
  2 adders (D:2)
  A worm (D:2)
  4 dart slugs
  2 orcs (D:3)
  4 ball pythons
  8 bats
  13 endoplasms
  A giant cockroach (D:2)
  5 goblins
  6 hobgoblins
  9 jackals (D:2)
  2 quokkas (D:1)
  3 frilled lizards
  9 kobolds
  8 rats
78 creatures vanquished.

Vanquished Creatures (others)
  5 fungi (D:3)
  8 toadstools (D:3)
13 creatures vanquished.

Grand Total: 91 creatures vanquished

Notes
Turn   | Place    | Note
-------+----------+-------------------------------------------
     0 | D:1      | Setbun the Kobold Brigand began the quest for the Orb.
     0 | D:1      | Reached XP level 1. HP: 12/12 MP: 1/1
    62 | D:1      | Reached skill level 3 in Short Blades
   165 | D:1      | Reached XP level 2. HP: 17/17 MP: 2/2
   283 | D:1      | Reached skill level 4 in Short Blades
   455 | D:1      | Reached XP level 3. HP: 21/21 MP: 3/3
   848 | D:1      | Found a faded altar of an unknown god.
  1229 | D:2      | Reached skill level 5 in Short Blades
  1817 | D:2      | Reached XP level 4. HP: 16/26 MP: 4/4
  2243 | D:2      | Reached skill level 6 in Short Blades
  2759 | D:3      | Found a burning altar of Makhleb.
  3327 | D:2      | Reached XP level 5. HP: 22/30 MP: 5/5
  3878 | D:3      | Reached skill level 7 in Short Blades
  4162 | D:3      | Splashed by a jelly's acid

Illustrated notes

Levels and vault maps discovered:
D:1:      heliophobic_arrival_glass_houses, layout_loops_ring,
          hellmonk_ecumenical_altar_leap_of_faith
D:2:      layout_loops_ring, serial_co_window_serial, co_window_paths_a,
          co_window_paths_a, co_window_paths_a, co_window_paths_a,
          co_window_paths_a, co_window_of_opportunity_b, co_window_corner_cb,
          co_window_cross_4, co_window_cross_3, co_window_4corner_b,
          glass_columns_a, glass_columns_a, glass_columns_b, minivault_19
D:3:      cheibrodos_fertilizer, layout_loops_ring, bloody_makhleb

Skill      XL: |  1  2  3  4  5 |
---------------+----------------+-----
Short Blades   | 3 4 5 6 7 |  7.0
Fighting       | |  2.1
Throwing       | |  2.1
Dodging        | |  1.2
Stealth        | |  5.3

Action                   |  1- 3 |  4- 6 || total
-------------------------+-------+-------++-------
Melee: Dagger            |    83 |   122 ||   205
       Punch             |     1 |     1 ||     2
 Stab: Sleeping          |    22 |    22 ||    44
       Distracted        |     1 |       ||     1
Armor: Robe              |     7 |    21 ||    28
Dodge: Dodged            |    32 |    54 ||    86

Table legend: (Time is in decaauts)
 A = Elapsed time spent in this place.
 B = Non-inter-level travel time spent in this place.
 C = Inter-level travel time spent in this place.
 D = Time resting spent in this place.
 E = Time spent auto-exploring this place.
 F = Levels seen in this place.
 G = Mean time per level.
                   A        B        C        D        E       F      G
               +--------+--------+--------+--------+--------+-----+--------+
         Total |   4110 |   4038 |     72 |    752 |   2803 |   3 | 1370.0 |
       Dungeon |   4110 |   4038 |     72 |    752 |   2803 |   3 | 1370.0 |
               +--------+--------+--------+--------+--------+-----+--------+

Top non-repeatable levels by time:
     D:2: 2163 daAuts
     D:1: 1131 daAuts
     D:3: 815 daAuts
